[Event "Titled Tuesday Blitz June 21 Late 2022"]
[White "Indjic, Aleksandar"]
[Black "Tologon tegin, Semetei"]
[WhiteFideId "911925"]
[BlackFideId "13800574"]
[WhiteElo "2616"]
[BlackElo "2174"]
[Result "1-0"]
[Round "08"]
[TimeControl "180+1"]
[Date "2022.06.21"]
[WhiteClock "0:00:20"]
[BlackClock "0:00:04"]

1. d4 d5 2. c4 e6 3. Nf3 Nf6 4. g3 Bb4+ 5. Bd2 Bd6 6. Nc3 O-O 7. Bg5 c6 8. Qc2 h6 9. h4 Nbd7 10. e4 dxe4 11. Nxe4 Qa5+ 12. Bd2 Bb4 13. Bxb4 Qxb4+ 14. Nc3 c5 15. O-O-O cxd4 16. Rxd4 e5 17. Rd1 Re8 18. Ng5 Nf8 19. Bd3 Be6 20. a3 Qc5 21. Nge4 Nxe4 22. Nxe4 Qc7 23. c5 b6 24. Nd6 Red8 25. Be4 Rab8 26. Nb5 Qxc5 27. Qxc5 bxc5 28. Rxd8 Rxd8 29. Nxa7 Rd4 30. f3 f5 31. Bc2 Nd7 32. Nc6 Rd6 33. Ne7+ Kf7 34. Nxf5 Bxf5 35. Bxf5 Nb6 36. Rd1 Rd4 37. Rxd4 exd4 38. b3 Kf6 39. Bd3 Ke5 40. f4+ Kd6 41. a4 Nd5 42. Kd2 Nb4 43. g4 Nc6 44. Be4 Na5 45. Kc2 c4 46. bxc4 Nxc4 47. g5 hxg5 48. fxg5 Ke5 49. Bd3 Na5 50. h5 Nc6 51. Kb3 Ke6 52. h6 gxh6 53. gxh6 Kf7 54. Kc4 Kg8 55. Kb5 Na7+ 56. Kc5 1-0


[Site "https://www.chess.com"]

[Event "Titled Tuesday Blitz June 21 Late 2022"]
[White "Kanyamarala, Tarun"]
[Black "Domingo Nunez, Ruben"]
[WhiteFideId "45004714"]
[BlackFideId "22245570"]
[WhiteElo "2219"]
[BlackElo "2376"]
[Result "0-1"]
[Round "08"]
[TimeControl "180+1"]
[Date "2022.06.21"]
[WhiteClock "0:01:19"]
[BlackClock "0:01:14"]

1. e4 Nc6 2. Nf3 d5 3. e5 Bg4 4. d4 e6 5. Be2 Qd7 6. c3 Be7 7. b4 f6 8. exf6 Nxf6 9. b5 Nd8 10. Ne5 Bxe2 11. Qxe2 Qc8 12. O-O Nf7 13. Nd3 O-O 14. Nf4 Nd8 15. Re1 Bd6 16. Nd3 a6 17. bxa6 Rxa6 18. Nd2 Nf7 19. Qxe6 Bxh2+ 0-1


[Site "https://www.chess.com"]

[Event "Titled Tuesday Blitz June 21 Late 2022"]
[White "Le, Tuan Minh"]
[Black "Kamsky, Gata"]
[WhiteFideId "12401153"]
[BlackFideId "2000024"]
[WhiteElo "2530"]
[BlackElo "2645"]
[Result "0-1"]
[Round "08"]
[TimeControl "180+1"]
[Date "2022.06.21"]
[WhiteClock "0:00:56"]
[BlackClock "0:00:53"]

1. d4 d5 2. Nf3 Nf6 3. Bf4 c5 4. c3 cxd4 5. cxd4 Nc6 6. Nc3 a6 7. Rc1 Bf5 8. Qb3 Na5 9. Qa4+ b5 10. Qd1 e6 11. e3 Bd6 12. Bxd6 Qxd6 13. Bd3 Bg4 14. O-O O-O 15. b3 Rfc8 16. Qd2 Bxf3 17. gxf3 Nc6 18. Ne2 e5 19. Bb1 g6 20. Kg2 b4 21. dxe5 Nxe5 22. Rxc8+ Rxc8 23. Rc1 Rxc1 24. Qxc1 a5 25. Nd4 Kg7 26. Qc8 Qe7 27. f4 Ned7 28. Bd3 Nc5 29. Be2 Nce4 30. Bf3 Nc3 31. a4 Nfe4 32. Nc6 Qh4 0-1


[Site "https://www.chess.com"]

[Event "Titled Tuesday Blitz June 21 Late 2022"]
[White "Leiva, Gianmarco"]
[Black "Keymer, Vincent"]
[WhiteFideId "3804399"]
[BlackFideId "12940690"]
[WhiteElo "2323"]
[BlackElo "2548"]
[Result "0-1"]
[Round "08"]
[TimeControl "180+1"]
[Date "2022.06.21"]
[WhiteClock "0:00:05"]
[BlackClock "0:00:06"]

1. e4 c6 2. d4 d5 3. e5 Bf5 4. Nf3 e6 5. Be2 c5 6. Be3 Qb6 7. Nc3 Nc6 8. O-O Qxb2 9. Qe1 cxd4 10. Nxd4 Bb4 11. Ndb5 d4 12. Rb1 Bxc3 13. Rxb2 Bxe1 14. Rxe1 dxe3 15. Nc7+ Kd7 16. Nxa8 Kc8 17. fxe3 Be4 18. Bd3 Bxd3 19. cxd3 Nge7 20. Reb1 Nd8 21. d4 Kb8 22. Nb6 axb6 23. Rxb6 Kc7 24. R6b3 Nec6 25. Rc1 Re8 26. Rf1 Re7 27. g4 Rd7 28. g5 Rd5 29. Rf3 Ra5 30. a3 Kd7 31. Rh3 Ke7 32. Rxh7 g6 33. h4 Kf8 34. Rh8+ Kg7 35. Re8 Ra4 36. Kg2 Rc4 37. Rb2 Rc3 38. Kf3 Nxd4+ 39. Ke4 N4c6 40. h5 gxh5 41. Rh2 Rc4+ 42. Kd3 Nxe5+ 43. Kd2 Nf3+ 44. Kd3 Nxh2 45. Kxc4 Nc6 46. Kc5 Nf3 47. Kb6 h4 48. Kxb7 h3 49. g6 fxg6 50. Kxc6 h2 51. Re7+ Kh6 52. Re8 Nh4 53. Rh8+ Kg5 0-1


[Site "https://www.chess.com"]

[Event "Titled Tuesday Blitz June 21 Late 2022"]
[White "Livaic, Leon"]
[Black "Koziorowicz, Michal"]
[WhiteFideId "14531534"]
[BlackFideId "21809194"]
[WhiteElo "2540"]
[BlackElo "2202"]
[Result "1-0"]
[Round "08"]
[TimeControl "180+1"]
[Date "2022.06.21"]
[WhiteClock "0:01:45"]
[BlackClock "0:00:05"]

1. d4 Nf6 2. c4 g6 3. Nc3 Bg7 4. e4 d6 5. h3 O-O 6. Be3 e5 7. d5 Nbd7 8. g4 a5 9. Qd2 Re8 10. Nge2 Nc5 11. Ng3 a4 12. f3 c6 13. h4 Qc7 14. h5 Bd7 15. h6 Bh8 16. g5 Nh5 17. Nxh5 gxh5 18. Rxh5 b5 19. dxc6 Bxc6 20. cxb5 Bb7 21. Rh2 d5 22. Nxd5 Bxd5 23. Qxd5 Ne6 24. b6 Qe7 25. Bc4 Qb4+ 26. Rd2 Ra5 27. a3 Rxd5 28. axb4 Rxd2 29. Kxd2 Rd8+ 30. Kc3 Nd4 31. Bxd4 exd4+ 32. Kd3 Rb8 33. Rxa4 Kf8 34. Ra7 Rxb6 35. Rxf7+ Ke8 36. Rxh7 Be5 37. g6 Rf6 38. g7 Rxf3+ 39. Ke2 Re3+ 40. Kd1 1-0


[Site "https://www.chess.com"]

[Event "Titled Tuesday Blitz June 21 Late 2022"]
[White "Martinez Alcantara, Jose Eduardo"]
[Black "Clarke, Brandon G I"]
[WhiteFideId "3805662"]
[BlackFideId "400319"]
[WhiteElo "2703"]
[BlackElo "2414"]
[Result "0-1"]
[Round "08"]
[TimeControl "180+1"]
[Date "2022.06.21"]
[WhiteClock "0:00:25"]
[BlackClock "0:00:05"]

1. e4 e6 2. d4 d5 3. Nc3 Nf6 4. Bg5 dxe4 5. Nxe4 Be7 6. Nxf6+ gxf6 7. Be3 f5 8. Nf3 b6 9. Bb5+ Bd7 10. Bd3 Bc6 11. Ne5 h5 12. Nxc6 Nxc6 13. Qf3 Nb4 14. Bb5+ Kf8 15. Ba4 Qd5 16. Bb3 Qxf3 17. gxf3 Rd8 18. Bf4 Bd6 19. Bg5 Be7 20. Bf4 Bd6 21. Bd2 Nc6 22. c3 Na5 23. Bc2 Rg8 24. b3 Ke7 25. h4 c5 26. dxc5 bxc5 27. Bg5+ f6 28. Be3 Nc6 29. Ke2 Kf7 30. Rad1 Be5 31. Rxd8 Rxd8 32. Bd2 f4 33. Bd3 Ne7 34. Rc1 Nd5 35. Bc4 Nb6 36. Bb5 Nd5 37. a4 Rb8 38. b4 cxb4 39. cxb4 Ne7 40. Rc4 Ng6 41. Bc3 Bxc3 42. Rxc3 Rb7 43. Rc5 f5 44. Bc4 Rxb4 45. Bb5 Nxh4 46. Rc7+ Kf6 47. Rxa7 Rb2+ 48. Kd3 Nxf3 49. Kc3 Rxf2 50. a5 h4 51. Ra8 h3 52. Rh8 h2 53. a6 Ra2 54. Kb3 Ra1 55. Bc6 Nd4+ 56. Kb2 Rxa6 57. Bh1 Rb6+ 58. Kc3 Ne2+ 59. Kd2 Ng3 60. Bf3 Rb2+ 61. Kc1 Rf2 62. Ba8 Rf1+ 63. Kd2 h1=Q 64. Bxh1 Rxh1 65. Rb8 Kg5 66. Rg8+ Kf6 67. Rf8+ Ke5 68. Ra8 Ne4+ 69. Ke2 Rh2+ 70. Kf1 Rb2 71. Kg1 f3 72. Ra4 Kf4 73. Rc4 Kg3 74. Rc1 Rg2+ 75. Kf1 Rh2 76. Ke1 Rh1# 0-1


[Site "https://www.chess.com"]

[Event "Titled Tuesday Blitz June 21 Late 2022"]
[White "Martinez Reyes, Pedro Ramon"]
[Black "Maltsevskaya, Aleksandra"]
[WhiteFideId "3901807"]
[BlackFideId "24174041"]
[WhiteElo "2410"]
[BlackElo "2243"]
[Result "1-0"]
[Round "08"]
[TimeControl "180+1"]
[Date "2022.06.21"]
[WhiteClock "0:00:13"]
[BlackClock "0:00:02"]

1. Nf3 Nf6 2. b3 g6 3. Bb2 Bg7 4. g3 O-O 5. Bg2 d6 6. d4 Nbd7 7. O-O e5 8. dxe5 Ng4 9. Nbd2 Ngxe5 10. Qc1 a5 11. a4 Re8 12. Re1 Nxf3+ 13. Nxf3 Ne5 14. Nd4 c6 15. e4 Qb6 16. Qd2 Nc4 17. bxc4 Qxb2 18. Ne2 Qb4 19. c3 Qxc4 20. Qxd6 Be6 21. Qc7 b5 22. e5 Bd5 23. Bxd5 Qxd5 24. Nf4 Qc4 25. e6 Bxc3 26. Qxf7+ Kh8 27. Rac1 b4 28. Re3 Rf8 29. Qc7 Rae8 30. e7 Rg8 31. Ne2 Qf7 32. Nxc3 bxc3 33. Rce1 c2 34. Qe5+ Qg7 35. Qc5 Qb2 36. Rc3 Rg7 37. Rxc2 Qb4 38. Qxb4 axb4 39. Rxc6 Rgxe7 40. Rxe7 Rxe7 41. Rb6 Re4 42. a5 Re5 43. a6 Ra5 44. h4 Kg7 45. Kg2 b3 46. g4 b2 47. g5 Rxa6 48. Rb7+ Kg8 49. Rxb2 h6 50. Rb8+ Kg7 51. Rb7+ Kg8 52. gxh6 Ra5 53. Kg3 Ra3+ 54. Kg4 Kh8 55. f4 Ra5 56. h7 Ra6 57. Kg5 Ra5+ 58. Kxg6 Rg5+ 59. Kf6 Rf5+ 60. Ke6 Re5+ 61. Kd6 Rd5+ 62. Kc7 Rc5+ 63. Kb8 Rc8+ 64. Ka7 Ra8+ 65. Kb6 Ra6+ 66. Kc7 Rc6+ 67. Kd7 Rd6+ 68. Ke7 Re6+ 69. Kd7 Rd6+ 70. Kc7 Rc6+ 71. Kd8 Rd6+ 72. Rd7 Rf6 73. Rd4 Kxh7 74. Ke7 Ra6 75. Rd6 Ra7+ 76. Ke6 Kg6 77. f5+ Kh5 78. f6 Kg6 79. h5+ Kxh5 80. f7 Ra8 81. Ke7 1-0


[Site "https://www.chess.com"]

[Event "Titled Tuesday Blitz June 21 Late 2022"]
[White "Needleman, Alejandro"]
[Black "Nilsson, Joakim"]
[WhiteFideId "100730"]
[BlackFideId "1723383"]
[WhiteElo "2315"]
[BlackElo "2210"]
[Result "0-1"]
[Round "08"]
[TimeControl "180+1"]
[Date "2022.06.22"]
[WhiteClock "0:02:07"]
[BlackClock "0:02:24"]

1. e4 c5 2. Nf3 e6 3. d3 d5 4. Nbd2 Nc6 5. Be2 Nge7 6. O-O g6 7. a3 Bg7 8. Rb1 O-O 9. b4 b6 10. b5 Nd4 11. c3 Nxf3+ 12. Nxf3 Bb7 13. e5 d4 14. c4 h6 15. Bf4 g5 16. Bg3 Ng6 17. Re1 Qc7 18. Bf1 Rae8 19. Rb2 Bxf3 20. Qxf3 Bxe5 21. Rxe5 Nxe5 22. Qh5 Kg7 23. Re2 f6 24. h4 Qf7 25. Qxf7+ Nxf7 26. h5 e5 27. f3 Nd6 28. Be1 Ra8 29. Rb2 a6 30. bxa6 Rxa6 31. g3 Rb8 32. Rb3 b5 33. cxb5 Rxb5 34. Rxb5 Nxb5 0-1


[Site "https://www.chess.com"]

[Event "Titled Tuesday Blitz June 21 Late 2022"]
[White "Roberson, Peter T"]
[Black "Bjelobrk, Igor"]
[WhiteFideId "412384"]
[BlackFideId "4300726"]
[WhiteElo "2346"]
[BlackElo "2335"]
[Result "0-1"]
[Round "08"]
[TimeControl "180+1"]
[Date "2022.06.21"]
[WhiteClock "0:00:02"]
[BlackClock "0:00:41"]

1. e4 c5 2. Nf3 e6 3. d3 d6 4. Nbd2 Nf6 5. g3 b6 6. Bg2 Bb7 7. O-O Be7 8. Re1 O-O 9. c3 Nc6 10. d4 cxd4 11. cxd4 Nb4 12. e5 Nfd5 13. Ne4 Rc8 14. Bg5 dxe5 15. dxe5 Nc2 16. h4 Nxa1 17. Qxa1 Rc7 18. Nd4 Nb4 19. Rd1 Rd7 20. Bxe7 Qxe7 21. a3 Rxd4 22. Rxd4 Nc2 23. Qd1 Nxd4 24. Qxd4 Bxe4 25. Bxe4 Rd8 26. Qe3 Qc5 27. Qg5 Rd4 28. Bf3 h6 29. Qe3 Rc4 30. Qd3 Rc2 31. Qd8+ Qf8 32. Qd4 Rc8 33. Qd7 Qc5 34. Kg2 Qc7 35. Qd4 Rd8 36. Qf4 Qc2 37. b4 Rd2 38. Be4 Qc3 39. Bb1 Qd4 40. Qf3 Qd5 41. Be4 Qxe5 42. Bb1 Qd5 43. Be4 Qd4 44. Bb1 g6 45. h5 Qd5 46. Be4 Qxh5 47. Qf4 Qg5 48. Qb8+ Kg7 49. Bf3 Qe3 0-1


[Site "https://www.chess.com"]

[Event "Titled Tuesday Blitz June 21 Late 2022"]
[White "Barria Santos, Jose Guilherme"]
[Black "Guz, Ari"]
[WhiteFideId "1939300"]
[BlackFideId "2825759"]
[WhiteElo "2261"]
[BlackElo "1913"]
[Result "1-0"]
[Round "08"]
[TimeControl "180+1"]
[Date "2022.06.21"]
[WhiteClock "0:00:09"]
[BlackClock "0:00:09"]

1. d4 Nf6 2. c4 e6 3. Nc3 b6 4. e4 d6 5. f3 Bb7 6. Be3 Nbd7 7. Nge2 Be7 8. d5 O-O 9. dxe6 fxe6 10. Nf4 Ne8 11. Nxe6 Qc8 12. Nxf8 Nxf8 13. c5 dxc5 14. Bc4+ Kh8 15. O-O Nd6 16. Bd5 c6 17. Bb3 Ng6 18. f4 Qc7 19. Bc2 Nc4 20. Bc1 Rd8 21. Qh5 Nd2 22. e5 Nf8 23. Rd1 Nc4 24. Qf7 b5 25. Bb3 Rxd1+ 26. Bxd1 Qd8 27. Be2 Nb6 28. Be3 Nd5 29. Rd1 Ng6 30. Nxd5 cxd5 31. Bd3 d4 32. Bxg6 hxg6 33. Qxg6 Qd5 34. Bf2 Kg8 35. b3 a5 36. f5 Qxe5 37. Re1 Qf6 38. Qe8+ Bf8 39. Qe6+ Qxe6 40. fxe6 Be7 41. Bh4 Bxh4 42. e7 Bc6 43. e8=Q+ Bxe8 44. Rxe8+ Kf7 45. Rc8 d3 46. Rxc5 Ke6 47. Kf1 b4 48. Rxa5 Bf6 49. Ke1 Bc3+ 50. Kd1 g5 51. Rxg5 Kf6 52. Rg3 Ke5 53. Rxd3 Ke4 54. Rxc3 bxc3 55. Kc2 Kd4 1-0


[Site "https://www.chess.com"]

[Event "Titled Tuesday Blitz June 21 Late 2022"]
[White "Sarana, Alexey"]
[Black "Lobanov, Sergei"]
[WhiteFideId "24133795"]
[BlackFideId "24183750"]
[WhiteElo "2666"]
[BlackElo "2524"]
[Result "1-0"]
[Round "08"]
[TimeControl "180+1"]
[Date "2022.06.21"]
[WhiteClock "0:00:09"]
[BlackClock "0:00:01"]

1. d4 g6 2. e4 Bg7 3. Nc3 d6 4. f4 Nf6 5. Nf3 O-O 6. Bd3 Nc6 7. O-O e5 8. d5 Ne7 9. Kh1 exf4 10. Bxf4 Bg4 11. Qd2 Nd7 12. Bg5 f6 13. Bh4 Ne5 14. Nd4 c5 15. Ne6 Bxe6 16. dxe6 Qc8 17. Nd5 Qxe6 18. Nc7 Qg4 19. Nxa8 Qxh4 20. Nc7 Qg4 21. Nb5 Qd7 22. Nc3 a6 23. a4 h5 24. Be2 Kh7 25. Rad1 Rd8 26. a5 Qe6 27. Na4 N7c6 28. Nb6 Bh6 29. Qe1 Bg5 30. Nd5 h4 31. c3 Kg7 32. b4 h3 33. g3 cxb4 34. cxb4 Rc8 35. Nb6 Rd8 36. Qc3 Qa2 37. Rfe1 Ng4 38. Ra1 Qe6 39. Bxg4 Qxg4 40. Rad1 Qe6 41. Nd5 Rc8 42. Nf4 Qa2 43. Rd2 Qa4 44. Rxd6 Ne7 45. Ne6+ Kh6 46. Qf3 Qxb4 47. Rdd1 1-0


[Site "https://www.chess.com"]

[Event "Titled Tuesday Blitz June 21 Late 2022"]
[White "Sargsyan, Anna M."]
[Black "Carbone, Diego"]
[WhiteFideId "13308130"]
[BlackFideId "3002179"]
[WhiteElo "2271"]
[BlackElo "2199"]
[Result "0-1"]
[Round "08"]
[TimeControl "180+1"]
[Date "2022.06.21"]
[WhiteClock "0:00:04"]
[BlackClock "0:00:07"]

1. d4 Nf6 2. c4 g6 3. g3 Bg7 4. Bg2 O-O 5. Nc3 Nc6 6. d5 Ne5 7. b3 c6 8. f4 Neg4 9. h3 Qb6 10. hxg4 Nxg4 11. Ne4 Bxa1 12. Bf3 d6 13. Nh3 cxd5 14. Qxd5 Be6 15. Qd3 Qa5+ 16. Bd2 Qxa2 17. Nhg5 Bg7 18. Kf1 Bf5 19. Bxg4 Bxg4 20. Nxh7 Bf5 21. Nhg5 Rfe8 22. Qd5 e6 23. Qd3 Qa1+ 24. Kg2 Qd4 25. Qf3 d5 26. Be3 Bxe4 27. Nxe4 Qxe4 28. Rd1 Qxf3+ 29. Kxf3 dxc4 30. bxc4 Red8 31. c5 Rxd1 0-1


[Site "https://www.chess.com"]

[Event "Titled Tuesday Blitz June 21 Late 2022"]
[White "Shimanov, Aleksandr"]
[Black "Terry, Renato"]
[WhiteFideId "4198603"]
[BlackFideId "3803457"]
[WhiteElo "2605"]
[BlackElo "2577"]
[Result "1/2-1/2"]
[Round "08"]
[TimeControl "180+1"]
[Date "2022.06.21"]
[WhiteClock "0:00:05"]
[BlackClock "0:00:06"]

1. e4 e6 2. d4 d5 3. Nc3 Nf6 4. Bg5 Bb4 5. exd5 Qxd5 6. Bxf6 Bxc3+ 7. bxc3 gxf6 8. Nf3 Qa5 9. Qd2 Bd7 10. c4 Qxd2+ 11. Kxd2 Bc6 12. Be2 Nd7 13. Rhd1 O-O-O 14. Ke3 Nb6 15. g3 Rhg8 16. Ne1 Rg5 17. c5 Nd5+ 18. Kd2 e5 19. c4 Ne7 20. d5 Ba4 21. Rdc1 e4 22. Kc3 Bd7 23. f4 exf3 24. Nxf3 Rh5 25. Rf1 c6 26. d6 Ng6 27. Nh4 Rxc5 28. Nxg6 hxg6 29. Rxf6 Be6 30. Rd1 Ra5 31. Rd2 c5 32. Bf3 Ra3+ 33. Kb2 Ra6 34. Bd5 Raxd6 35. Bxe6+ Rxe6 36. Rxd8+ Kxd8 37. Rxf7 Re2+ 38. Kb3 Kc8 39. Rg7 Rxh2 40. Rxg6 Kc7 41. Rg7+ Kb6 42. g4 Rh3+ 43. Kb2 Ka6 44. g5 Rg3 45. g6 b6 46. Kc2 Ka5 47. Rxa7+ Kb4 48. g7 Kxc4 49. a4 Rg2+ 50. Kd1 Kb4 51. Rb7 Kxa4 52. Rxb6 Rxg7 53. Kc2 Rg3 54. Rb8 Ka5 55. Rb7 Ka6 56. Rb8 Rh3 57. Rb1 Rf3 58. Rb8 Ka5 59. Rb7 Ka4 60. Rb8 Rg3 61. Rb7 Rh3 62. Rb8 Rh7 63. Kc3 Rh4 64. Rb7 Ka5 65. Rb8 Ka6 66. Rb1 Rf4 67. Rb8 Ka5 68. Rb1 Rg4 69. Rb8 1/2-1/2


[Site "https://www.chess.com"]

[Event "Titled Tuesday Blitz June 21 Late 2022"]
[White "Sjugirov, Sanan"]
[Black "Wagner, Dennis"]
[WhiteFideId "4189302"]
[BlackFideId "24650684"]
[WhiteElo "2602"]
[BlackElo "2355"]
[Result "0-1"]
[Round "08"]
[TimeControl "180+1"]
[Date "2022.06.21"]
[WhiteClock "0:00:04"]
[BlackClock "0:00:45"]

1. e4 c5 2. Nc3 d6 3. Nge2 Nf6 4. g3 g6 5. Bg2 Bg7 6. O-O O-O 7. d3 Nc6 8. h3 Rb8 9. a4 a6 10. f4 b5 11. axb5 axb5 12. e5 dxe5 13. Bxc6 Bxh3 14. Bg2 Bxg2 15. Kxg2 b4 16. Ne4 Qd5 17. c4 Qc6 18. Qc2 b3 19. Qb1 Rfd8 20. Nc3 Ng4 21. f5 gxf5 22. Rxf5 e6 23. Rg5 f5 24. Rxg4 fxg4 25. Be3 Rf8 26. Bxc5 Rf3 27. Bg1 Rd8 28. Qe1 Rdxd3 29. Rd1 Rxd1 30. Nxd1 Qxc4 31. Ndc3 Bh6 32. Qd1 Qd3 33. Qxb3 Qf1+ 34. Kh2 Qh3# 0-1


[Site "https://www.chess.com"]

[Event "Titled Tuesday Blitz June 21 Late 2022"]
[White "So, Wesley"]
[Black "Bortnyk, Mykola"]
[WhiteFideId "5202213"]
[BlackFideId "14120836"]
[WhiteElo "2742"]
[BlackElo "2582"]
[Result "1-0"]
[Round "08"]
[TimeControl "180+1"]
[Date "2022.06.21"]
[WhiteClock "0:00:18"]
[BlackClock "0:00:02"]

1. e4 Nf6 2. e5 Nd5 3. d4 d6 4. Nf3 dxe5 5. Nxe5 c6 6. Be2 Bf5 7. O-O Nd7 8. Nf3 N7f6 9. Nh4 Bg6 10. c4 Nb6 11. Nc3 e6 12. Be3 Bb4 13. g3 O-O 14. Nxg6 hxg6 15. Qc2 Bxc3 16. Qxc3 Re8 17. Rad1 Nbd7 18. Bf3 Rc8 19. Rfe1 Qc7 20. Bf4 Qb6 21. b4 a5 22. bxa5 Qa6 23. Rb1 Ra8 24. Bd2 Rec8 25. Qb3 Qa7 26. Bc3 Rcb8 27. Rb2 b6 28. Bxc6 bxa5 29. Qa3 Rxb2 30. Bxb2 Rc8 31. Bb5 Nb6 32. Qd3 Qb7 33. Rc1 Kh7 34. Bc3 Ne4 35. Bxa5 Ng5 36. h4 Nf3+ 37. Kf1 Nh2+ 38. Ke2 Ra8 39. Bd2 Rxa2 40. h5 Nf3 41. hxg6+ fxg6 42. Rd1 Nxd2 43. Rxd2 Rxd2+ 44. Kxd2 Qf7 45. f4 Qe7 46. Ke2 Qb4 47. Kf3 Qe1 48. Kg2 Qc1 49. Qe2 Qc3 50. Qxe6 Qc2+ 51. Kh3 Qd1 52. Bc6 Qh5+ 53. Kg2 Qd1 54. Bf3 Qxd4 55. Be4 Qxc4 56. Qxg6+ Kg8 57. Qe8# 1-0


[Site "https://www.chess.com"]

[Event "Titled Tuesday Blitz June 21 Late 2022"]
[White "Sohal, Tanraj"]
[Black "Ladan, Nicholas"]
[WhiteFideId "2608499"]
[BlackFideId "30918855"]
[WhiteElo "2200"]
[BlackElo "2167"]
[Result "0-1"]
[Round "08"]
[TimeControl "180+1"]
[Date "2022.06.21"]
[WhiteClock "0:01:29"]
[BlackClock "0:01:43"]

1. d4 d5 2. c4 e6 3. Nf3 Nf6 4. Nc3 Bb4 5. Bg5 h6 6. Bh4 g5 7. Bg3 Ne4 8. Rc1 h5 9. h3 Nc6 10. Bh2 g4 11. Ne5 Qf6 12. f3 Qh4+ 13. g3 Nxg3 14. Bxg3 Qxg3+ 15. Kd2 Nxe5 16. dxe5 d4 17. hxg4 dxc3+ 18. bxc3 Ba3 19. Rb1 Bd7 20. Qb3 Bc5 21. Qxb7 Rd8 22. Rxh5 Rxh5 23. gxh5 Qxe5 24. Kc2 Ba4+ 25. Kb2 Rd2+ 26. Kc1 Qxc3# 0-1


[Site "https://www.chess.com"]

[Event "Titled Tuesday Blitz June 21 Late 2022"]
[White "Swiercz, Dariusz"]
[Black "Barp, Alberto"]
[WhiteFideId "1126881"]
[BlackFideId "872555"]
[WhiteElo "2627"]
[BlackElo "2229"]
[Result "1-0"]
[Round "08"]
[TimeControl "180+1"]
[Date "2022.06.21"]
[WhiteClock "0:00:53"]
[BlackClock "0:01:05"]

1. d4 Nf6 2. Nf3 e6 3. Bf4 Bd6 4. Bg3 O-O 5. Nbd2 b6 6. e4 Bxg3 7. hxg3 Bb7 8. e5 Ne4 9. Nxe4 Bxe4 10. Bd3 Bxd3 11. Qxd3 h6 12. g4 f5 13. exf6 Qxf6 14. g5 hxg5 15. O-O-O Qf5 16. Qb3 c6 17. Kb1 Na6 18. Rh5 Nc7 19. Rdh1 Kf7 20. Rxg5 Qf6 21. Ne5+ Ke8 22. Qg3 Rg8 23. Rg6 Qf5 24. Rxg7 Rxg7 25. Rh8+ Ke7 26. Qxg7+ 1-0


[Site "https://www.chess.com"]

[Event "Titled Tuesday Blitz June 21 Late 2022"]
[White "Tari, Aryan"]
[Black "Ivic, Velimir"]
[WhiteFideId "1510045"]
[BlackFideId "950122"]
[WhiteElo "2567"]
[BlackElo "2610"]
[Result "1-0"]
[Round "08"]
[TimeControl "180+1"]
[Date "2022.06.21"]
[WhiteClock "0:01:09"]
[BlackClock "0:00:06"]

1. e4 c5 2. Nc3 Nc6 3. f4 g6 4. Nf3 Bg7 5. Bb5 Nd4 6. O-O a6 7. Bd3 e6 8. e5 d5 9. Nxd4 cxd4 10. Ne2 Ne7 11. a4 Nc6 12. b3 Bf8 13. Qe1 Bc5 14. Ba3 b6 15. Qg3 h5 16. h3 Bb7 17. Kh2 Rc8 18. Ng1 Bxa3 19. Rxa3 Nb4 20. Nf3 Qe7 21. Raa1 Nxd3 22. cxd3 Qb4 23. f5 gxf5 24. Qg7 Qf8 25. Qf6 Rg8 26. Qh4 Qg7 27. Rf2 a5 28. Re1 Ba6 29. Qxd4 Qg3+ 30. Kg1 Qxh3 31. Qxb6 Bxd3 32. Qb7 Rd8 33. Re3 Be4 34. Ng5 Rd7 35. Qc8+ Ke7 36. Qxg8 Qg4 37. Qxf7+ Kd8 38. Nxe6+ Kc8 39. Qe8+ 1-0


[Site "https://www.chess.com"]

[Event "Titled Tuesday Blitz June 21 Late 2022"]
[White "Xiong, Jeffery"]
[Black "Vasquez Schroeder, Rodrigo"]
[WhiteFideId "2047640"]
[BlackFideId "3400042"]
[WhiteElo "2714"]
[BlackElo "2567"]
[Result "1-0"]
[Round "08"]
[TimeControl "180+1"]
[Date "2022.06.21"]
[WhiteClock "0:01:00"]
[BlackClock "0:00:23"]

1. c4 c5 2. Nf3 Nf6 3. Nc3 e6 4. g3 b6 5. Bg2 Bb7 6. O-O a6 7. Re1 Be7 8. e4 d6 9. d4 cxd4 10. Nxd4 Qc7 11. b3 O-O 12. Bb2 Nbd7 13. Rc1 Rac8 14. Nc2 Rfe8 15. Ne3 Qb8 16. Qe2 Nc5 17. Nc2 Ba8 18. Rcd1 Red8 19. f4 b5 20. e5 dxe5 21. fxe5 Ne8 22. cxb5 Bxg2 23. Kxg2 Rxd1 24. Rxd1 axb5 25. Ba3 Nc7 26. Kh3 Qb7 27. Nd4 b4 28. Bxb4 Nxb3 29. Bxe7 Nxd4 30. Rxd4 Ne8 31. Bb4 h6 32. a3 Nc7 33. Qd3 Qa8 34. Rd7 Na6 35. Ne4 Nc7 36. Qf3 1-0


[Site "https://www.chess.com"]

[Event "Titled Tuesday Blitz June 21 Late 2022"]
[White "Yoo, Christopher Woojin"]
[Black "Murzin, Volodar"]
[WhiteFideId "30909694"]
[BlackFideId "44155573"]
[WhiteElo "2105"]
[BlackElo "2585"]
[Result "0-1"]
[Round "08"]
[TimeControl "180+1"]
[Date "2022.06.21"]
[WhiteClock "0:00:01"]
[BlackClock "0:00:08"]

1. e4 c6 2. d4 d5 3. Nc3 dxe4 4. Nxe4 Bf5 5. Ng3 Bg6 6. Nf3 Nd7 7. h4 h6 8. h5 Bh7 9. Bd3 Bxd3 10. Qxd3 e6 11. Bf4 Qa5+ 12. Bd2 Qb6 13. O-O-O Ngf6 14. Ne5 Rd8 15. Nxf7 Kxf7 16. Qg6+ Kg8 17. Rhe1 Re8 18. Bc3 Qb5 19. d5 cxd5 20. Nf5 exf5 21. Rxe8 Nxe8 22. Qe6+ Kh7 23. Qxf5+ Kg8 24. Qe6+ Kh7 25. Qf5+ Kg8 26. Qe6+ Kh7 27. Qxe8 Qc6 28. Rd3 Nc5 29. Qg6+ Qxg6 30. hxg6+ Kxg6 31. Rxd5 Be7 32. Bd4 Rc8 33. Be3 b6 34. c3 Kf7 35. Kc2 Rc7 36. g4 Ne6 37. f4 Bf6 38. f5 Nc5 39. Bf4 Rd7 40. Rd6 Rxd6 41. Bxd6 Nd7 42. Kd3 Ne5+ 43. Ke4 Nxg4 44. Bb8 a6 45. a4 b5 46. axb5 axb5 47. Ba7 h5 48. Bb8 h4 49. Kf3 Ne5+ 50. Ke4 Nc4 51. b3 Nd2+ 52. Kd3 Nxb3 53. Bd6 Na5 54. Bc7 Nc4 55. Bh2 Ke7 0-1


[Site "https://www.chess.com"]

[Event "Titled Tuesday Blitz June 21 Late 2022"]
[White "Yuan, Qingyu"]
[Black "Khismatullin, Denis"]
[WhiteFideId "8609772"]
[BlackFideId "4142578"]
[WhiteElo "2359"]
[BlackElo "2543"]
[Result "0-1"]
[Round "08"]
[TimeControl "180+1"]
[Date "2022.06.21"]
[WhiteClock "0:00:01"]
[BlackClock "0:00:49"]

1. e4 d6 2. d4 Nf6 3. Nc3 e5 4. Nge2 Nbd7 5. Rg1 h5 6. Bg5 Be7 7. Qd2 c6 8. O-O-O b5 9. f3 b4 10. Na4 a5 11. Ng3 g6 12. h4 Qc7 13. f4 O-O 14. f5 d5 15. Bd3 exd4 16. exd5 Qxg3 17. dxc6 Ne5 18. Nb6 Nxd3+ 19. cxd3 Ra6 20. Nxc8 Rxc8 21. fxg6 Raxc6+ 22. Kb1 fxg6 23. Rde1 Bf8 24. Rgf1 Bg7 25. Qd1 Qxg2 26. Qb3+ Qd5 27. Qa4 Nh7 28. Bd2 Bf6 29. Rg1 Kg7 30. Re4 Rc2 31. Qxc2 Rxc2 32. Kxc2 Qxa2 33. Bc1 Qa4+ 34. b3 Qd7 35. Rf1 a4 36. bxa4 Qxa4+ 37. Kd2 Qa2+ 38. Kd1 b3 39. Re2 Qb1 40. Rf3 Bxh4 41. Rb2 Qa1 42. Rxb3 Bg5 43. Rb7+ Kh6 44. Rc7 Qa4+ 45. Ke2 Bxc1 46. Rxc1 Ng5 47. Rf4 Qa2+ 48. Kd1 Qg2 49. Rf8 Nf3 50. Rcc8 Qd2# 0-1


[Site "https://www.chess.com"]

[Event "Titled Tuesday Blitz June 21 Late 2022"]
[White "Zhurbinsky, David"]
[Black "Tsvetkov, Andrey"]
[WhiteFideId "2072904"]
[BlackFideId "34139360"]
[WhiteElo "2565"]
[BlackElo "2280"]
[Result "1-0"]
[Round "08"]
[TimeControl "180+1"]
[Date "2022.06.21"]
[WhiteClock "0:00:05"]
[BlackClock "0:01:25"]

1. e4 c5 2. Nf3 d6 3. d4 cxd4 4. Nxd4 Nf6 5. f3 e5 6. Nb3 a5 7. a4 Be6 8. Bb5+ Nbd7 9. Be3 Be7 10. O-O O-O 11. c4 Nb6 12. Qe2 Qc7 13. N1d2 Nbd7 14. Rac1 b6 15. h3 Nc5 16. Nxc5 dxc5 17. f4 exf4 18. Bxf4 Qb7 19. e5 Ne8 20. Ne4 Nc7 21. Bg5 Bxg5 22. Nxg5 Nxb5 23. axb5 Rfe8 24. Qd3 g6 25. Ne4 Red8 26. Qf3 Rab8 27. Qf4 f5 28. exf6 Bf5 29. Nd6 Qd7 30. f7+ Kg7 31. Qe5+ Kh6 32. Rxf5 Qxd6 33. Qxd6 Rxd6 34. f8=Q+ Rxf8 35. Rxf8 Rd3 36. Rb8 Rb3 37. Rxb6 Rxb2 38. Ra6 Rc2 39. Rxc2 1-0


[Site "https://www.chess.com"]